 Dungeon Crawl Stone Soup version 0.31-a0-277-g31ea1f65cc (console) character file.

Game seed: 3043929597237841790

39 petzl the Sneak (level 3, 0/29 HPs)
             Began as a Formicid Delver on July 15, 2023.
             Slain by an orc
             ... wielding a +0 trident
              (8 damage)
             ... on level 3 of the Dungeon.
             The game lasted 00:03:48 (806 turns).

petzl the Sneak (Formicid Delver)                    Turns: 806, Time: 00:03:48

Health: 0/29       AC:  3    Str: 16    XL:     3   Next: 67%
Magic:  5/5        EV: 12    Int: 11    God:
Gold:   40         SH:  0    Dex: 15    Spells: 5/5 levels left

rFire   . . .        a - +0 mace
rCold   . . .        (no shield)
rNeg    . . .        b - +0 leather armour
rPois   .            (helmet unavailable)
rElec   .            (no cloak)
rCorr   .            (no gloves)
SInv    +            (no boots)
Will    .....        (no amulet)
Stlth   +++          (no ring)
HPRegen 0.24/turn    (no ring)
MPRegen 0.09/turn

%: no passive effects
@: no status effects
A: permanent stasis, dig shafts and tunnels, antennae 3, four strong arms
a: Dig, Shaft Self


You were on level 3 of the Dungeon.
You visited 1 branch of the dungeon, and saw 4 of its levels.
You also visited: Sewer.

You collected 40 gold pieces.

Inventory:

Hand Weapons
 a - a +0 mace (weapon)
Armour
 b - a +0 leather armour (worn)
Jewellery
 i - a ring of fire
Wands
 f - a wand of digging (3)
Scrolls
 c - a scroll of fog
 d - a scroll of revelation
 g - a scroll of identify {unknown}
 j - a scroll of brand weapon {unknown}
 k - a scroll of summoning {unknown}
 l - a scroll of teleportation {unknown}
Potions
 e - a potion of invisibility {unknown}
 h - a potion of lignification {unknown}
 m - a potion of mutation {unknown}
 n - a potion of haste {unknown}
 o - a potion of attraction {unknown}


   Skills:
 - Level 3.5 Fighting
 - Level 2.2 Maces & Flails
 - Level 2.0 Dodging
 - Level 6.2 Stealth
 + Level 1.9 Spellcasting


You had 5 spell levels left.
You didn't know any spells.
Your spell library was empty.

Dungeon Overview and Level Annotations

Branches:
Dungeon (6/15)              Sewer (visited)
 Temple: D:4-7

Altars:

Shops:
D:5 [

Annotations:
D:5 exclusion: downstairs


Innate Abilities, Weirdness & Mutations

You cannot be hasted, slowed, berserked, paralysed or teleported.
You can dig through walls and to a lower floor.
You have a pair of large antennae on your head. (SInv)
Your four strong arms can wield two-handed weapons with a shield.


Message History

The adder bites you.
You are poisoned.
The adder poisons you!
You hit the adder.
You kill the adder!
You feel sick.
Your life force feels restored.
You closely miss the orc.
You feel sick. The orc closely misses you. x2
The orc barely misses you.
You barely miss the orc.
You feel sick. The orc misses you. The orc hits you but does no damage.
You hit the orc.
The orc is moderately wounded.
You feel sick.
You are no longer poisoned.
The orc misses you. The orc hits you but does no damage.
You barely miss the orc.
The orc is moderately wounded.
The orc hits you from afar with a +0 trident.
The orc hits you but does no damage.
You hit the orc.
You kill the orc!
The orc hits you from afar with a +0 trident.
The orc hits you from afar with a +0 trident!
The orc closely misses you.
Items here: $ ) ††.
You closely miss the orc. The orc hits you with a +0 trident.
* * * LOW HITPOINT WARNING * * *
You hit the orc but do no damage. The orc barely misses you.
Okay, then.
Unknown command.
Unknown command.
Okay, then.
Okay, then.
Unknown command.
Are you sure you want to shaft yourself?
The orc hits you but does no damage.
You begin to dig a shaft.
You continue digging a shaft.
The orc hits you with a +0 trident!
You die...

..# #...#.##........+{{
.S####.###.##........####.
{....o...#..####..>.......
######.#.# #............. #
#.#.# #.#####....... #
###.# # # .###### # #...#
.# ####.### .# .......# .#
####.#.# .# #g#.#.# .#
#.#.#.##.# #.#.#.##.#
#.#.#.##.# ##.#.#.##.#
#..#.#.##.# ###.##.#....#
............##############.
###....###......go@........
####.# #################.
###


You could see an orc and a hobgoblin.

Vanquished Creatures
  An adder (D:3)
  2 river rats (Sewer)
  An orc (D:3)
  A giant cockroach (D:4)
  A goblin (D:4)
  A hobgoblin (D:4)
  A quokka (D:4)
  6 rats
14 creatures vanquished.

Notes
Turn   | Place    | Note
-------+----------+-------------------------------------------
     0 | D:5      | petzl the Formicid Delver began the quest for the Orb.
     0 | D:5      | Reached XP level 1. HP: 18/18 MP: 1/1
     1 | D:6      | Noticed a gnoll bouda
     8 | D:5      | Found Oqokh's Antique Armour Emporium.
    95 | D:4      | Found a glowing drain.
    99 | Sewer    | Entered a sewer
   135 | Sewer    | Reached XP level 2. HP: 12/24 MP: 2/2
   213 | Sewer    | Reached skill level 1 in Spellcasting
   213 | Sewer    | Reached XP level 3. HP: 7/29 MP: 2/4
   434 | D:4      | Identified the +9 flail "Beastslayer" {holy, *Rage rPois
                  | Int+5 Dex+2}
   806 | D:3      | Slain by an orc

Illustrated notes

Levels and vault maps discovered:
D:3:      layout_basic
D:4:      layout_loops_corners, gup_sewer_entry_bowl, uniq_ijyb, uniq_grinder,
          uniq_eustachio
D:5:      kennysheep_spiral_hall, layout_basic, grunt_temple_overflow_open,
          nicolae_hepliaklqana_ecumenical_no_more, serial_shops,
          nicolae_shop_stone
D:6:      layout_cave_pools

Skill      XL: |  1  2 |
---------------+-------+-----
Dodging        | 2 |  2.0
Spellcasting   | 1 |  1.9
Fighting       | |  3.5
Maces & Flails | |  2.2
Stealth        | |  6.2

Action                     || total
---------------------------++-------
  Melee: Mace              ||    48
         Punch             ||     1
Ability: Shaft Self        ||     1
    Use: Scroll            ||     1
   Stab: Sleeping          ||     3
 Armour: Leather armour    ||     8
  Dodge: Dodged            ||    38

Table legend: (Time is in decaauts)
 A = Elapsed time spent in this place.
 B = Non-inter-level travel time spent in this place.
 C = Inter-level travel time spent in this place.
 D = Time resting spent in this place.
 E = Time spent auto-exploring this place.
 F = Levels seen in this place.
 G = Mean time per level.
                   A        B        C        D        E       F      G
               +--------+--------+--------+--------+--------+-----+--------+
         Total |    848 |    848 |      0 |    183 |    242 |   5 |  169.6 |
       Dungeon |    508 |    508 |      0 |      0 |    234 |   4 |  127.0 |
         Sewer |    339 |    339 |      0 |    183 |      8 |   1 |  339.0 |
               +--------+--------+--------+--------+--------+-----+--------+

Top non-repeatable levels by time:
     D:4: 342 daAuts
   Sewer: 339 daAuts
     D:3: 122 daAuts
     D:5: 42 daAuts
     D:6: 1 daAuts
